[Event "*** SCC Grand Prix: Titled Tuesday Blitz"]
[Site "Chess.com"]
[Date "2020.07.14"]
[Round "3"]
[White "NemtsevIgor"]
[Black "GianmarcoVaR"]
[Result "0-1"]
[WhiteElo "2338"]
[BlackElo "2527"]
[TimeControl "180+1"]
[EndTime "10:29:37 PDT"]
[Termination "GianmarcoVaR won by resignation"]

1. d4 Nf6 2. Bf4 b6 3. e3 Bb7 4. Nf3 g6 5. Bd3 Bg7 6. O-O O-O 7. Nbd2 c5 8. c3 d6 9. h3 a6 10. a4 Nbd7 11. Bh2 Ra7 12. Qb3 Qa8 13. Rfe1 d5 14. Bf1 Rc8 15. Ne5 e6 16. Ndf3 h6 17. g4 Nxe5 18.
Bxe5 c4 19. Qc2 Bc6 20. Bg2 b5 21. a5 Qb7 22. Bd6 Be8 23. Bc5 Rxc5 24. dxc5 Qc7 25.
Qd2 Ne4 26. Qc2 Nxc5 27. Bf1 e5 28. Rad1 Bc6 29. Bg2 Ra8 30. Nd2 Rd8 31. b4 Nd3 32. Rf1 d4 33. exd4 exd4 34. Nf3 dxc3 35. Rfe1 Nf4 36.
Re3 Nxg2 37. Kxg2 Rxd1 38. Qxd1 Bf8 39. Qd4 Bxb4 40. h4 Bxa5 41. h5 Bb6 42. Qf6 Bxe3 43. fxe3 Bxf3+ 44. Kxf3 c2 45. hxg6 fxg6 46. Qxg6+ Kf8 47.
Qxh6+ Qg7 48. Qd6+ Qe7 49. Qh6+ Qg7 50. Qd6+ Kg8 51.
Qd8+ Qf8+ 52. Qxf8+ Kxf8 53. Kf4 c1=Q 0-1

[Event "*** SCC Grand Prix: Titled Tuesday Blitz"]
[Site "Chess.com"]
[Date "2020.07.14"]
[Round "3"]
[White "bugsbunny444"]
[Black "MisiekZielony"]
[Result "0-1"]
[WhiteElo "2454"]
[BlackElo "2226"]
[TimeControl "180+1"]
[EndTime "10:29:37 PDT"]
[Termination "MisiekZielony won by checkmate"]

1. Nf3 Nf6 2. c4 c6 3. g3 g6 4. Bg2 Bg7 5. b4 Ne4 6. d4 d5 7. cxd5 cxd5 8. O-O O-O 9. a4 Nc6 10. b5 Na5 11. e3 b6 12. Nfd2 Nxd2 13. Bxd2 Nc4 14.
Bb4 a5 15. Nd2 Nxe3 16. fxe3 axb4 17. Qb3 Be6 18. Qxb4 Bf5 19. Rfc1 e6 20. Rc6 Rb8 21. Ra3 Re8 22. Rac3 Bf8 23. Qb3 Rb7 24. Bf1 Ra7 25. Be2 h5 26. Nf3 Bg4 27. Kg2 Bxf3+ 28. Bxf3 h4 29.
g4 Bd6 30. Qc2 Rd7 31. Rc8 Qe7 32. R3c6 Rxc8 33. Rxc8+ Kg7 34. Rc6 Qg5 35. Qf2 h3+ 36. Kxh3 Rd8 37. Kg2 Rh8 38. h3 Qe7 39. Rxb6 Ra8 40.
Qc2 Rd8 41. Rc6 Qg5 42. Qf2 f5 43. b6 fxg4 44. Bxg4 Rf8 45. Qe1 Qe7 46. b7 Bb8 47. Qb1 Qh4 48. Qc2 Qg3+ 49. Kh1 Rf1# 0-1

[Event "*** SCC Grand Prix: Titled Tuesday Blitz"]
[Site "Chess.com"]
[Date "2020.07.14"]
[Round "3"]
[White "whodee11"]
[Black "Dinamo81"]
[Result "0-1"]
[WhiteElo "2408"]
[BlackElo "2642"]
[TimeControl "180+1"]
[EndTime "10:29:38 PDT"]
[Termination "Dinamo81 won on time"]

1. e4 d5 2. exd5 Qxd5 3. Nc3 Qd6 4. Bc4 c6 5. d3 Bf5 6. Nge2 e6 7. Bf4 Qd8 8. Ng3 Bg6 9. Qe2 Be7 10. O-O Nf6 11. Rfe1 O-O 12. Bb3 Nbd7 13. a3 Re8 14. Rad1 Nd5 15.
Nxd5 cxd5 16. d4 a6 17. c3 b5 18. Bc2 Nb6 19. Bxg6 hxg6 20. Bc1 Nc4 21. Nf1 Rb8 22. f4 a5 23. Ne3 Nxe3 24. Qxe3 b4 25. axb4 axb4 26. Rd3 Bd6 27. Qf2 bxc3 28. bxc3 Qc7 29. Rh3 Be7 30. g4 Rb3 31. Bd2 Rb2 32. f5 Bg5 33. Re2 Bxd2 34. Rxd2 Rxd2 35. Qxd2 exf5 36. gxf5 gxf5 37. Re3 Re4 38. Rxe4 fxe4 39. Qg5 Qd7 40. Kf2 f6 41. Qh5 Qe6 42. Ke3 f5 43. Ke2 f4 44.
Qg5 f3+ 45. Kf2 Qd6 46. Qh5 Qe6 47. Qg5 Kf7 48. Qh5+ g6 49. Qh7+ Ke8 50. Qh8+ Kd7 51.
Qg7+ Kc6 52. Qh6 Qd6 53. Ke3 Kb5 54. Qh8 g5 55. Qc8 Qf4+ 56. Kf2 Qxh2+ 0-1

[Event "*** SCC Grand Prix: Titled Tuesday Blitz"]
[Site "Chess.com"]
[Date "2020.07.14"]
[Round "3"]
[White "Tash_Boy"]
[Black "viditchess"]
[Result "0-1"]
[WhiteElo "2679"]
[BlackElo "3005"]
[TimeControl "180+1"]
[EndTime "10:29:39 PDT"]
[Termination "viditchess won on time"]

1. e4 c5 2. Nf3 d6 3. d4 cxd4 4. Nxd4 Nf6 5. Nc3 Nc6 6. Bg5 e6 7. Qd2 a6 8. O-O-O Bd7 9. f3 b5 10. Nxc6 Bxc6 11. Ne2 Be7 12. Nd4 Bd7 13. h4 O-O 14.
Kb1 Qc7 15. g4 Rfc8 16. h5 e5 17. Nf5 Bxf5 18. gxf5 Nxe4 19. fxe4 Bxg5 20. Qd3 h6 21. Rg1 Qb6 22. Rg2 Rc4 23. Qd5 Rc6 24. Bd3 Rac8 25.
Rdg1 Kf8 26. a3 Qc5 27. Qb3 Qe3 28. Qd5 Ke7 29. Rg3 Qc5 30. Qb3 a5 31. c3 Rb6 32.
Ka2 b4 33. cxb4 axb4 34. a4 Ra8 35. R3g2 Qc6 36. Bc2 Rba6 37. Kb1 Rxa4 38. Qxa4 Rxa4 39. Bxa4 Qxa4 40. Rc2 b3 41. f6+ gxf6 42. Rc7+ Kd8 43. Ra7 Qxe4+ 44. Ka1 Qc6 0-1

[Event "*** SCC Grand Prix: Titled Tuesday Blitz"]
[Site "Chess.com"]
[Date "2020.07.14"]
[Round "3"]
[White "FMJoseHerrera"]
[Black "ValentinDragnev"]
[Result "1-0"]
[WhiteElo "2481"]
[BlackElo "2702"]
[TimeControl "180+1"]
[EndTime "10:29:39 PDT"]
[Termination "FMJoseHerrera won by resignation"]

1. Nf3 d5 2. g3 e6 3. Bg2 c5 4. O-O Nc6 5. d3 Bd6 6. c3 Nge7 7. a3 O-O 8. b4 b6 9. Nbd2 Bb7 10. Bb2 e5 11. e3 Qd7 12. Qb3 Rad8 13. Rad1 Bb8 14. Qa2 h6 15. bxc5 bxc5 16. e4 d4 17. cxd4 cxd4 18.
Nc4 Rc8 19. Rb1 Qe6 20. Qa1 Ba6 21. Nfd2 Rfd8 22. Rfc1 Rc7 23. Bf1 Nc8 24. a4 Nd6 25. Nxd6 Qxd6 26. Ba3 Qe6 27. Rc5 Rcc8 28. Rbc1 Bb7 29.
Rb5 Ba6 30. Rbc5 Bb7 31. Nc4 Ne7 32. Qb2 Rxc5 33. Bxc5 Ba6 34. h4 Rc8 35. Bxe7 Qxe7 36. Bh3 Rf8 37. Qb3 Bd6 38. Na5 Rb8 39. Qd5 Bb7 40. Nxb7 Rxb7 41. Rc8+ Kh7 42. h5 Rb8 43. Bf5+ g6 44. hxg6+ Kg7 45. Rc6 Rd8 46. gxf7 h5 47.
Kg2 h4 48. gxh4 Qf6 49. Qe6 Qxe6 50. Bxe6 Kf6 51. Bd5 Ke7 52. Ra6 Rd7 53. Kf3 Rc7 54. Kg4 Rd7 55. Kf5 Bb8 56. Re6+ Kf8 57. Re8+ 1-0

[Event "*** SCC Grand Prix: Titled Tuesday Blitz"]
[Site "Chess.com"]
[Date "2020.07.14"]
[Round "3"]
[White "Khazieva_Elza"]
[Black "Michaelson_11"]
[Result "1-0"]
[WhiteElo "2332"]
[BlackElo "2108"]
[TimeControl "180+1"]
[EndTime "10:29:39 PDT"]
[Termination "Khazieva_Elza won on time"]

1. e4 c5 2. Nf3 Nc6 3. d3 g6 4. g3 Bg7 5. Bg2 e6 6. O-O Nge7 7. Re1 d6 8. c3 e5 9. Na3 O-O 10.
Nc4 b5 11. Ne3 Be6 12. Ng5 Bd7 13. Nd5 h6 14. Nf3 Nxd5 15. exd5 Ne7 16. d4 cxd4 17.
cxd4 Bg4 18. dxe5 dxe5 19. h3 Bxf3 20. Qxf3 Qd6 21. Be3 f5 22. Red1 Rfd8 23. Rac1 e4 24. Qe2 Nxd5 25. Qxb5 Kh7 26. Bf1 Rab8 27. Qa5 Qe5 28.
Bd4 Qe6 29. Bxg7 e3 30. Qxa7 exf2+ 31. Qxf2 Kxg7 32. Qd4+ Kh7 33. Bc4 Qe4 34. Qxe4 fxe4 35. Rxd5 Rxd5 36. Bxd5 Rxb2 37. Rc7+ Kh8 38. a4 e3 39. Re7 e2 40. Kf2 Rd2 41. Bf3 Ra2 42.
Bc6 Ra3 43. Rxe2 Kg7 44. Re6 g5 45. Re3 Ra2+ 46. Kf3 Ra1 47. Bd5 Kf6 48. Rb3 Kg7 49. Rb6 1-0

[Event "*** SCC Grand Prix: Titled Tuesday Blitz"]
[Site "Chess.com"]
[Date "2020.07.14"]
[Round "3"]
[White "grunbergmihai"]
[Black "Angry_Twin"]
[Result "0-1"]
[WhiteElo "2515"]
[BlackElo "2767"]
[TimeControl "180+1"]
[EndTime "10:29:41 PDT"]
[Termination "Angry_Twin won by checkmate"]

1. Nf3 Nf6 2. c4 e6 3. g3 d5 4. Bg2 Be7 5. O-O O-O 6. d4 c6 7. Qc2 b6 8. Rd1 Nbd7 9. b3 Bb7 10. Nbd2 c5 11. Bb2 Rc8 12. Rac1 dxc4 13. bxc4 cxd4 14. Nxd4 Bxg2 15. Kxg2 Qc7 16. N2f3 Qb7 17. Nb5 Rc6 18. Nbd4 Rcc8 19. Nb5 Nc5 20. Bxf6 gxf6 21. Nd6 Bxd6 22. Rxd6 Rc7 23. Rd4 f5 24. Kg1 Ne4 25. Rcd1 b5 26.
Qb3 bxc4 27. Rxc4 Qxb3 28. axb3 Rxc4 29. bxc4 a5 30. Ra1 Ra8 31. Ra3 Kf8 32. Nd4 a4 33. f3 Nc5 34. Kf2 Rb8 35. Nb5 Ke7 36. Ke3 e5 37.
Kd2 Rd8+ 38. Kc3 Kd7 39. Kb4 Kc6 40. Na7+ Kb6 41. Nb5 Rd2 42. Re3 f6 43. Nc3 Rb2+ 44. Ka3 Rb3+ 45. Ka2 Ka5 46. Nd5 Rb7 47. Nxf6 Kb4 48. Rxe5 Kxc4 49. Rxf5 Nb3 50. Rf4+ Kc3 51. Nd5+ Kd2 52. Rxa4 Nc1+ 53. Ka3 Rb3# 0-1

[Event "*** SCC Grand Prix: Titled Tuesday Blitz"]
[Site "Chess.com"]
[Date "2020.07.14"]
[Round "3"]
[White "vanImpe"]
[Black "mishikomchedlishvili"]
[Result "0-1"]
[WhiteElo "2514"]
[BlackElo "2761"]
[TimeControl "180+1"]
[EndTime "10:29:41 PDT"]
[Termination "mishikomchedlishvili won by resignation"]

1. g3 d5 2. Bg2 g6 3. c4 d4 4. d3 Bg7 5. Nf3 e5 6. O-O Ne7 7. b4 O-O 8. Bb2 c5 9. a3 Nec6 10.
Qb3 b6 11. Nbd2 Qc7 12. Rfe1 Bb7 13. e3 Nd7 14. exd4 exd4 15. Ne4 h6 16. bxc5 bxc5 17. Bc1 g5 18. h4 f5 19. Nexg5 hxg5 20. Nxg5 Na5 21.
Qd1 Bxg2 22. Kxg2 Rae8 23. Bf4 Qc6+ 24. Kg1 Nf6 25. Rb1 Nb7 26. Qb3 Rxe1+ 27. Rxe1 Re8 28. Rb1 Nd8 29. Qb5 Nh5 30. Qxc6 Nxc6 31. Bd6 Ne5 32. Re1 Bf6 33. Kg2 Ng7 34. Rd1 Bxg5 35. hxg5 Nd7 36. Rb1 Re6 37. Bf4 Rb6 38. Re1 Ne6 39. Be5 Kf7 40. f4 Rb2+ 41. Kf3 Rd2 42. g6+ Kxg6 43.
Bd6 Rxd3+ 44. Kf2 Kf7 45. Rh1 Rd2+ 46. Kf3 Rd3+ 47. Kf2 Nf6 48. Rh8 Ne4+ 49. Ke2 Re3+ 50. Kd1 Nxd6 51. Rh7+ Ng7 52. Rh8 Nxc4 53. Rc8 Rd3+ 54.
Kc1 Rc3+ 55. Kd1 Ne3+ 56. Kd2 c4 57. Rc7+ Kf6 58. Rc6+ Ne6 0-1

[Event "*** SCC Grand Prix: Titled Tuesday Blitz"]
[Site "Chess.com"]
[Date "2020.07.14"]
[Round "3"]
[White "El_ultimo_Pablo"]
[Black "BlackBoarder"]
[Result "0-1"]
[WhiteElo "2399"]
[BlackElo "2600"]
[TimeControl "180+1"]
[EndTime "10:29:44 PDT"]
[Termination "BlackBoarder won by checkmate"]

1. e4 e6 2. d4 d5 3. exd5 exd5 4.
Nf3 Nf6 5. Bd3 c5 6. c3 Bd6 7. h3 O-O 8. O-O Nc6 9. dxc5 Bxc5 10. Bg5 h6 11. Bh4 Re8 12. Re1 g5 13. Bg3 Ne4 14. Bxe4 dxe4 15. Qxd8 Nxd8 16. Nbd2 f5 17. Nd4 Bxd4 18.
cxd4 Nc6 19. Nb3 Be6 20. Be5 Bxb3 21. axb3 Nxe5 22. dxe5 Rxe5 23. Red1 Kf7 24. Rac1 Rae8 25. Rd7+ R8e7 26. Rd6 R5e6 27. Rd8 Rb6 28. Rc3 a6 29. h4 gxh4 30. Kh2 f4 31. Kg1 e3 32. fxe3 fxe3 33. Rd1 Rf6 34. Re1 Rfe6 35. Re2 Kg6 36. Kh2 Re4 37. Kh3 Kg5 38. Rc5+ R7e5 39. Rc7 Rb5 40. Rg7+ Kf4 41. Rh7 Rxb3 42. Rxh6 Kg5 43. Rh8 a5 44. Rg8+ Kf5 45. Rf8+ Ke5 46. Re8+ Kd4 47. Rd8+ Kc4 48. Ra8 b6 49. Ra7 Kd3 50. Re1 Kd2 51. Rg1 e2+ 52.
Kh2 e1=Q 53. Rd7+ Rd3 54. Rxe1 Rxe1 55. Rb7 Rb3 56. Rd7+ Kc2 57. Rh7 Rb4 58. Rh5 Kxb2 59. Rf5 a4 60. Rf2+ Kc3 61. Rf8 a3 62. Rf3+ Kb2 63.
Rf2+ Kb1 64. Kh3 a2 65. g4 a1=Q 66. Kxh4 Ree4 67. Kh5 Rxg4 68. Rf1+ Ka2 69. Rf2+ Ka3 70. Rf8 Qh1# 0-1

[Event "*** SCC Grand Prix: Titled Tuesday Blitz"]
[Site "Chess.com"]
[Date "2020.07.14"]
[Round "3"]
[White "malandragem"]
[Black "Willychess95"]
[Result "0-1"]
[WhiteElo "2350"]
[BlackElo "2545"]
[TimeControl "180+1"]
[EndTime "10:29:44 PDT"]
[Termination "Willychess95 won by resignation"]

1. e4 c5 2. Nc3 d6 3. Nf3 Nf6 4. d4 cxd4 5. Nxd4 g6 6. Be3 a6 7. f3 b5 8. Nd5 Nxd5 9. exd5 Bb7 10. a4 bxa4 11. c4 Bg7 12. Qxa4+ Nd7 13. Be2 O-O 14. O-O Qc7 15. f4 Rfb8 16. Rad1 a5 17. h4 Nc5 18.
Qc2 a4 19. h5 Nb3 20. h6 Bf6 21. f5 Qc5 22. fxg6 Nxd4 23. gxf7+ Kh8 24. Rxf6 Nxc2 25. Bxc5 dxc5 26. Re6 Nd4 27. Rxe7 Nxe2+ 28. Rxe2 Rf8 29. Re7 Ba6 30. Rc1 Rab8 31. Rc2 Rb7 32. Rce2 Bxc4 33. Rxb7 Bxe2 34. Kf2 Bh5 35. Ke3 Bxf7 36. Rb5 Bxd5 37. Rxc5 Bb3 38. g4 Rg8 39. Kf4 Rf8+ 40. Ke5 Kg8 41. g5 Bf7 42. Rc7 Rb8 43. Kf6 Bg6 44.
Rg7+ Kf8 45. Ra7 Rb6+ 46. Ke5 Rxb2 47. Rxa4 Rb5+ 48. Kf4 Rf5+ 49. Kg4 Re5 50. Rf4+ Ke7 51. Rf6 Re1 52. Kg3 Re6 53. Rf4 Re3+ 54. Kg4 Re4 55. Rxe4+ Bxe4 56. Kh4 Bg6 57. Kg4 Ke6 58. Kf4 Kd5 59. Kg4 Ke5 60. Kh4 Kf5 61. Kh3 Kxg5 62. Kg3 Kxh6 63. Kh2 Kg5 64. Kg3 h5 65. Kh3 h4 66. Kh2 Kg4 67. Kg2 h3+ 68. Kg1 Kg3 69. Kh1 Be4+ 70. Kg1 h2+ 71. Kf1 h1=Q+ 0-1

[Event "*** SCC Grand Prix: Titled Tuesday Blitz"]
[Site "Chess.com"]
[Date "2020.07.14"]
[Round "3"]
[White "maxsergej"]
[Black "MarceloPlaya"]
[Result "0-1"]
[WhiteElo "2085"]
[BlackElo "2314"]
[TimeControl "180+1"]
[EndTime "10:29:44 PDT"]
[Termination "MarceloPlaya won on time"]

1. e4 e6 2. d4 d5 3. Nd2 c5 4. exd5 exd5 5. Ngf3 Nc6 6. Bb5 Bd6 7. dxc5 Bxc5 8. O-O Ne7 9. Nb3 Bb6 10. h3 O-O 11. c3 Qd6 12. Qd2 Ng6 13. Nbd4 Nxd4 14.
Nxd4 Bc7 15. f4 Nh4 16. Bd3 Bd7 17. Nf3 Nf5 18. Ne5 Rad8 19. Kh2 Bc8 20. g4 f6 21.
gxf5 fxe5 22. fxe5 Qxe5+ 23. Kh1 Bxf5 24. Bxf5 Rxf5 25.
Rxf5 Qxf5 26. Qg2 Re8 27. Bd2 Re6 28. Rf1 Qd3 29. Qf3 Qxf3+ 30. Rxf3 Re2 31. Rd3 Re5 32. Kg2 Rf5 33. Be3 a6 34. a4 Kf7 35. b3 Ke6 36. Bd4 g5 37. Re3+ Be5 38. Re2 Kf6 39. Bxe5+ Rxe5 40. Rd2 Kf5 41. Kg3 h5 42. Rd3 Ke4 43. Rd4+ Ke3 44.
Rb4 Kd3 45. Rxb7 Kxc3 46. Kg2 d4 47. Rd7 d3 48. b4 Re3 49. b5 axb5 50. axb5 d2 51.
b6 Rd3 52. Rc7+ Kd4 53. b7 d1=Q 0-1

[Event "*** SCC Grand Prix: Titled Tuesday Blitz"]
[Site "Chess.com"]
[Date "2020.07.14"]
[Round "3"]
[White "gena217"]
[Black "theblitzchamp"]
[Result "1-0"]
[WhiteElo "2929"]
[BlackElo "2641"]
[TimeControl "180+1"]
[EndTime "10:29:45 PDT"]
[Termination "gena217 won by resignation"]

1. e4 d6 2. d4 Nf6 3. Nc3 g6 4. h3 Bg7 5. g4 a6 6. Bg2 e5 7. Nge2 Nc6 8. Be3 b5 9. Qd2 b4 10. Nd1 a5 11. a3 Rb8 12. axb4 axb4 13. O-O O-O 14. d5 Ne7 15. Ng3 c6 16. dxc6 Nxc6 17. Bg5 Nd4 18. Kh1 Qc7 19. Ne3 Be6 20. f4 exf4 21.
Bxf4 Nd7 22. Rac1 Qc5 23. Nd5 Bxd5 24. exd5 Rfe8 25. Ne4 Qb6 26. Nxd6 Re2 27. Qd3 Nc5 28. Qg3 Rf8 29. Nc4 Qb5 30. Ne3 Re8 31. b3 Ne4 32.
Bxe4 Rxe4 33. d6 Qb7 34. Ng2 Re6 35. Rf2 Rxf2 36. Qxf2 Re2 37. Qf1 Qc6 38. Re1 Rxc2 39. Bg3 Ne6 40. Rd1 Qd7 41. Ne3 Rc3 42. Nd5 Rxg3 43.
Ne7+ Kh8 44. Kh2 Rc3 45. Qxf7 Be5+ 46. Kh1 Rxh3+ 47. Kg2 Rg3+ 48. Kf1 Qd8 49. Qxe6 Qf8+ 50. Nf5 Bg7 51. d7 Rf3+ 52. Kg2 Rxf5 53. gxf5 Bf6 54. Qxf6+ Qxf6 55. d8=Q+ Qxd8 56. Rxd8+ Kg7 57. Rd7+ Kf6 58.
fxg6 hxg6 59. Rd4 Ke5 60. Rxb4 1-0

[Event "*** SCC Grand Prix: Titled Tuesday Blitz"]
[Site "Chess.com"]
[Date "2020.07.14"]
[Round "3"]
[White "qingaunlee"]
[Black "Alex_Molchanov"]
[Result "1-0"]
[WhiteElo "2352"]
[BlackElo "2501"]
[TimeControl "180+1"]
[EndTime "10:29:45 PDT"]
[Termination "qingaunlee won by checkmate"]

1. e4 c6 2. d4 d5 3. exd5 cxd5 4. c4 Nf6 5. Nc3 Nc6 6. Bg5 g6 7. Bxf6 exf6 8. cxd5 Ne7 9. Bb5+ Bd7 10. d6 Bxb5 11. Nxb5 Qa5+ 12. Nc3 Nd5 13. d7+ Kxd7 14. Ne2 Bd6 15. Qb3 Bb4 16. O-O Bxc3 17. Qxb7+ Kd6 18. bxc3 Qc7 19. Qa6+ Qc6 20. Qa3+ Kd7 21. Rac1 Qc4 22. Ng3 Rhe8 23. Rb1 Nb6 24. Rb4 Qd3 25. Qb3 Re7 26. Rd1 Qa6 27. c4 Ke8 28. d5 Nd7 29. d6 Re6 30. c5 Nxc5 31. Rb8+ Kd7 32. Qb1 Rxb8 33.
Qxb8 Rxd6 34. Rxd6+ Qxd6 35. Qxa7+ Ke6 36. h3 f5 37. Qa3 Qd1+ 38. Kh2 Nd3 39. Qa6+ Ke7 40. Qb6 Qd2 41. Qe3+ Qxe3 42. fxe3 Kd6 43. Ne2 Kc5 44. Kg3 Nc1 45. Nxc1 g5 46. Kf3 Kd5 47. Ke2 Kc4 48. Kd2 h5 49. Kc2 h4 50. Nd3 g4 51. hxg4 fxg4 52. Nf4 f5 53. a3 Kb5 54. Kb3 Ka5 55.
a4 Ka6 56. Kb4 Kb6 57. a5+ Ka6 58. Ka4 Ka7 59. Kb5 Kb7 60. a6+ Ka7 61. Ka5 Ka8 62. Kb6 Kb8 63. a7+ Ka8 64. Nd5 h3 65.
Nc7# 1-0

[Event "*** SCC Grand Prix: Titled Tuesday Blitz"]
[Site "Chess.com"]
[Date "2020.07.14"]
[Round "3"]
[White "HanSchut"]
[Black "grandcoach"]
[Result "1/2-1/2"]
[WhiteElo "2332"]
[BlackElo "2118"]
[TimeControl "180+1"]
[EndTime "10:29:45 PDT"]
[Termination "Game drawn by repetition"]

1. e4 c5 2. Nf3 Nc6 3. d4 cxd4 4. Nxd4 e5 5. Nb5 d6 6. N1c3 a6 7. Na3 b5 8. Nd5 Nge7 9. c4 Nd4 10. Nc2 Nxc2+ 11. Qxc2 Nxd5 12. cxd5 Be7 13. a4 Bd7 14.
axb5 axb5 15. Rxa8 Qxa8 16. Bd3 O-O 17. O-O Rc8 18.
Qe2 Qa4 19. f4 exf4 20. Bxf4 Qb4 21. Kh1 Bf6 22. h3 Re8 23. Qf2 Bxb2 24. Rb1 Qd4 25. Qxd4 Bxd4 26. Bxd6 f6 27. g4 Kf7 28. Kg2 h6 29.
Kf3 Be5 30. Bxe5 Rxe5 31. Bxb5 Bxb5 32. Rxb5 Kg6 33. Rb7 Re8 34. Kf4 Ra8 35. e5 Ra4+ 36. Kf3 fxe5 37. Re7 Kf6 38. Re6+ Kf7 39. Rxe5 Rd4 40. Ke3 Rd1 41. h4 Kf6 42. Re6+ Kf7 43. Re5 Kf6 44. Rf5+ Ke7 45. Ke4 Re1+ 46. Kf4 Rf1+ 47.
Ke5 Re1+ 48. Kd4 Rd1+ 49. Kc5 Rc1+ 50. Kd4 Rd1+ 51. Ke3 Re1+ 52. Kd3 Rd1+ 53. Ke4 Re1+ 54. Kd4 Rd1+ 1/2-1/2

[Event "*** SCC Grand Prix: Titled Tuesday Blitz"]
[Site "Chess.com"]
[Date "2020.07.14"]
[Round "3"]
[White "Oneofmyturns"]
[Black "FontVella8"]
[Result "1-0"]
[WhiteElo "2699"]
[BlackElo "2504"]
[TimeControl "180+1"]
[EndTime "10:29:46 PDT"]
[Termination "Oneofmyturns won by resignation"]

1. d4 Nf6 2. c4 b6 3. f3 Bb7 4. e4 d6 5. Nc3 g6 6. Be3 Bg7 7.
Qd2 Nbd7 8. Nge2 e5 9. d5 a5 10. g4 Nc5 11. Ng3 h5 12. g5 Nfd7 13. h4 O-O 14. Be2 Qe7 15. b3 f6 16. O-O-O Qf7 17.
gxf6 Nxf6 18. Rdg1 Kh7 19. Kc2 Ng8 20. Rg2 Bh6 21.
Bxh6 Nxh6 22. Nf1 Qf4 23. Ne3 Rf7 24. Bd1 Rg8 25. Kb2 Rfg7 26. a3 Nf7 27. b4 axb4 28. axb4 Na6 29. Kb3 Ra8 30. Ne2 Qf6 31.
Bc2 Bc8 32. Rg3 Bd7 33. Kb2 b5 34. Bd3 bxc4 35. Bxc4 Rgg8 36. Nc2 Rgb8 37. Rhg1 Nh8 38.
Ra1 Bb5 39. Qd3 Bxc4 40. Qxc4 Rb6 41. Kc3 Nf7 42. b5 Nh6 43. Rxa6 Raxa6 44. bxa6 Qd8 45. Nb4 Qb8 46. Nc1 Qa7 47. Ncd3 Rb8 48. Rg2 Qe3 49. Ra2 Rc8 50. a7 Qxf3 51. a8=Q Rxa8 52. Rxa8 Nf7 53.
Qxc7 Kg7 54. Ra7 g5 55. hxg5 h4 56. Nc6 h3 57. Nd8 h2 58. Qxf7+ Qxf7 59. Rxf7+ Kg6 60. Rf1 1-0

[Event "*** SCC Grand Prix: Titled Tuesday Blitz"]
[Site "Chess.com"]
[Date "2020.07.14"]
[Round "3"]
[White "DinaBelenkaya"]
[Black "aNaartjieZA"]
[Result "0-1"]
[WhiteElo "2270"]
[BlackElo "2489"]
[TimeControl "180+1"]
[EndTime "10:29:46 PDT"]
[Termination "aNaartjieZA won by resignation"]

1. e4 e6 2. Qe2 c5 3. Nf3 Nc6 4. g3 g6 5. c3 Bg7 6. Bg2 Nge7 7. h4 h6 8. O-O d5 9. e5 Qc7 10. d4 b6 11. a4 Na5 12. Na3 a6 13. b4 Nb3 14. Rb1 Nxc1 15. Rfxc1 c4 16. Nh2 Bd7 17. Nxc4 dxc4 18. Bxa8 O-O 19. Bg2 Bxa4 20. Ra1 Bb5 21. Ng4 Rd8 22. Qe3 Kh7 23. h5 Nf5 24. Qe4 Kg8 25.
hxg6 fxg6 26. Nf6+ Bxf6 27. exf6 Kf7 28. Rd1 Kxf6 29.
d5 exd5 30. Rxd5 Rxd5 31. Qxd5 Qe5 32. Qd8+ Kg7 33. Qxb6 Qxc3 34. Qc7+ Kf6 35. Rd1 Qe5 36. Qd8+ Qe7 37. Qb6+ Qe6 38. Qc7 Qe7 39. Qf4 Qe5 40. Qg4 h5 41. Qf3 Kg7 42. g4 Nd4 43. Qe3 Qxe3 44.
fxe3 Nc2 45. Rd6 Nxb4 46. Be4 hxg4 47. Rxg6+ Kf7 48. Rxg4 c3 49. Rg2 Ke6 50. Bc2 Ke5 51.
e4 Nxc2 52. Rxc2 Kd4 53. Rc1 Bd3 54. e5 c2 55. e6 Kc3 56. e7 Bb5 57. Kf2 Kb2 58.
Rxc2+ Kxc2 59. Ke3 a5 60. Kd4 Kb3 61. Kc5 Be8 62.
Kd6 a4 63. Kc7 a3 64. Kd8 Bh5 65. e8=Q Bxe8 66. Kxe8 a2 0-1

[Event "*** SCC Grand Prix: Titled Tuesday Blitz"]
[Site "Chess.com"]
[Date "2020.07.14"]
[Round "3"]
[White "JesseKraai"]
[Black "mirochka"]
[Result "1-0"]
[WhiteElo "2461"]
[BlackElo "2159"]
[TimeControl "180+1"]
[EndTime "10:29:47 PDT"]
[Termination "JesseKraai won on time"]

1. d4 Nf6 2. c4 e6 3. Nc3 d5 4. cxd5 exd5 5. Bg5 Be7 6. e3 c6 7. Bd3 Nbd7 8. Nge2 Nf8 9. O-O Ne6 10. Bh4 g6 11. f3 O-O 12. Kh1 c5 13. Rc1 cxd4 14. exd4 Ng7 15. Nf4 Be6 16. Re1 a6 17. Bf1 b5 18.
Nxe6 Nxe6 19. Bf2 Rc8 20. a4 b4 21. Nb1 Rxc1 22. Qxc1 a5 23. Nd2 Nd7 24. Qc6 Nb6 25.
Nb3 Bf6 26. Bb5 Bg7 27. h3 Nc8 28. Qd7 Qg5 29. Bc6 Nf4 30. Qg4 Qxg4 31. hxg4 Nb6 32.
Nxa5 Nd3 33. Re2 Nxf2+ 34. Rxf2 Bxd4 35. Re2 Rc8 36. b3 Bc3 37. g3 d4 38. Bb5 Rd8 39. Bd3 Nd5 40. Nc6 Ra8 41. Be4 Nf6 42. Ne7+ Kg7 43. Bxa8 d3 44. Re3 d2 45. Rd3 h5 46.
g5 Nh7 47. f4 Nf8 48. Bd5 f6 49. Nc6 fxg5 50. fxg5 Nd7 51. Bc4 Nc5 52. Rd6 Ne4 53. Rd7+ Kf8 54. Kg2 Nc5 55. Rd5 Ne4 56. Ne5 Nxg5 57. Nf3 Ne4 58. Kf1 g5 59. Ke2 Nxg3+ 60. Kd1 g4 61. Nxd2 h4 62. Nf1 Ne4 63. Rf5+ 1-0

[Event "*** SCC Grand Prix: Titled Tuesday Blitz"]
[Site "Chess.com"]
[Date "2020.07.14"]
[Round "3"]
[White "vladislavkovalev"]
[Black "francyIM"]
[Result "0-1"]
[WhiteElo "2910"]
[BlackElo "2656"]
[TimeControl "180+1"]
[EndTime "10:29:49 PDT"]
[Termination "francyIM won by resignation"]

1. e4 c6 2. Nf3 d5 3. Nc3 Nf6 4. e5 Ne4 5. Ne2 Qb6 6. d4 e6 7. Ng3 c5 8. Bd3 Nxg3 9. fxg3 Nc6 10. O-O h6 11. a3 Bd7 12. Kh1 cxd4 13. Qe2 Qc7 14.
g4 g5 15. b4 Bg7 16. Re1 a6 17. Bb2 Rc8 18. Rab1 O-O 19. Nxd4 Nxe5 20. Nxe6 Bxe6 21.
Bxe5 Bxe5 22. Qxe5 Qxe5 23. Rxe5 Rc3 24. Ra1 Bxg4 25.
Rxd5 Re8 26. Kg1 Kg7 27. Rd6 Re7 28. Kf2 Bh5 29. Re1 Rxe1 30. Kxe1 Rxa3 31. Rb6 Ra1+ 32. Kf2 Ra2 33. Rxb7 Bd1 34. Rc7 Rb2 35. Ke1 Bg4 36.
Rb7 a5 37. b5 a4 38. Ra7 Rb4 39. Kd2 Be6 40. g3 h5 41. Kc3 Rb1 42. Rxa4 f5 43. Rb4 Ra1 44. b6 Ra8 45. b7 Rb8 46. Kd4 Kf6 47. Kc5 Ke5 48. Kb6 Bd5 49. Rb5 Rxb7+ 50. Ka5 Rxb5+ 51. Kxb5 f4 52. gxf4+ gxf4 53. Kc5 Bg2 54.
c4 f3 55. Kb4 f2 56. Kc3 f1=Q 57. Bxf1 Bxf1 58. c5 Bg2 59. Kd2 Kf5 60. Ke3 Kg4 61. Kf2 Kh3 0-1

[Event "*** SCC Grand Prix: Titled Tuesday Blitz"]
[Site "Chess.com"]
[Date "2020.07.14"]
[Round "3"]
[White "snap_man"]
[Black "Alexandercs432"]
[Result "1-0"]
[WhiteElo "2320"]
[BlackElo "2093"]
[TimeControl "180+1"]
[EndTime "10:29:49 PDT"]
[Termination "snap_man won by checkmate"]

1. Nf3 Nf6 2. g3 e6 3. b3 d5 4.
Bb2 Bd6 5. Bg2 O-O 6. O-O c6 7. d3 Nbd7 8. Nbd2 b6 9. c4 Bb7 10. Rc1 Re8 11. cxd5 cxd5 12. Nd4 a6 13. Nc6 Bxc6 14.
Rxc6 Qe7 15. e4 Rec8 16. Rc2 Ba3 17. Re1 Bxb2 18. Rxb2 Qd8 19. exd5 Nxd5 20. Nc4 b5 21. Ne3 N7f6 22. Rd2 Ra7 23. Qf3 Rd7 24. d4 h6 25. g4 Nb4 26. Red1 Nbd5 27. h4 Nxe3 28. fxe3 Nd5 29. Qf2 Rdc7 30. e4 Ne7 31. d5 exd5 32. exd5 Qd6 33. Rf1 f6 34. Re2 Rc3 35. g5 hxg5 36.
hxg5 f5 37. Bf3 Ng6 38. Re6 Qf4 39. Rxg6 Rc2 40. Be2 Qe4 41. Re6 Qxd5 42. Qe3 Qd2 43. Qxd2 Rxd2 44. Bf3 Rcc2 45. a4 Ra2 46. axb5 axb5 47.
Rb6 Rab2 48. Rxb5 Rdc2 49. Rxf5 g6 50. Bd5+ Kg7 51. Rf7+ Kh8 52. Rf8+ Kg7 53. R1f7# 1-0

[Event "*** SCC Grand Prix: Titled Tuesday Blitz"]
[Site "Chess.com"]
[Date "2020.07.14"]
[Round "3"]
[White "severomorskij"]
[Black "Oglob71"]
[Result "0-1"]
[WhiteElo "2739"]
[BlackElo "2523"]
[TimeControl "180+1"]
[EndTime "10:29:50 PDT"]
[Termination "Oglob71 won on time"]

1. d4 Nf6 2. c4 e6 3. Nc3 Bb4 4. g3 Nc6 5. Bg2 O-O 6. e4 Bxc3+ 7. bxc3 d6 8. f4 e5 9. Ne2 Re8 10. fxe5 dxe5 11. d5 Na5 12. O-O h6 13. Qd3 b6 14.
c5 Qe7 15. d6 cxd6 16. cxd6 Qe6 17. h3 Qc4 18. Qf3 Ba6 19. Rf2 Rad8 20. Bxh6 Rxd6 21. Bg5 Bb7 22. Bxf6 Rxf6 23. Qe3 Rxf2 24. Kxf2 Qe6 25. Rd1 Nc4 26. Qg5 Qc6 27. Rd8 f6 28. Rxe8+ Qxe8 29. Qc1 Qc6 30. Kg1 Qc5+ 31. Kh2 Qf2 32.
Qf1 Qxf1 33. Bxf1 Bxe4 34. Nc1 Ne3 35. Be2 Bd5 36. Kg1 Kf7 37. Kf2 Nc4 38. Nd3 Nd6 39. Nb4 Bb7 40. g4 Ne4+ 41. Ke3 Nxc3 42. Bc4+ Ke7 43.
h4 Na4 44. Bd5 Bxd5 45. Nxd5+ Ke6 46. Nc7+ Kf7 47. Nb5 a6 48. Nd6+ Ke6 49. Ne8 Kf7 50. Nd6+ Kf8 51. Ke4 Nc3+ 52. Kf5 Nxa2 53. g5 fxg5 54.
hxg5 b5 55. Kxe5 b4 56. Kd4 b3 57. Nc4 a5 58. Nb2 Kf7 59. Kc4 Nc1 60. Kb5 Kg6 61.
Kxa5 Kxg5 62. Kb4 Kf4 63. Kc3 g5 64. Kd2 Na2 65. Nd3+ Kf3 66. Ne5+ Ke4 67. Nd7 Kd4 0-1